[Event "Saturday Night Round Robin Blitz 3m+1s Starts at 2200hrs ST"]
[Site "Infinity Chess"]
[Date "2018.4.28"]
[Round "6"]
[White "BlitzMaster"]
[Black "Dovahkiin"]
[Result "1-0"]
[ECO "D30"]
[WhiteElo "2531"]
[BlackElo "2484"]
[WhiteEngine "asmFishW_2018-04-11_popcnt"]
[BlackEngine "BrainFish_180423_x64_modern_CTG"]
[EventType "Round Robin"]
[WhiteTeam ""]
[BlackTeam ""]
[PlyCount "171"]
[TimeControl "180+1"]

1. d4 d5 2. c4 e6 3. Nf3 Nf6 4. Nc3 c6 5. Bg5 h6 6. Bxf6 Qxf6 7. e3 Nd7 
8. Bd3 dxc4 9. Bxc4 g6 10. O-O Bg7 11. e4 O-O 12. Re1 e5 13. d5 Nb6 14. Bb3 Bd7 
15. h3 Rfd8 16. Qe2 Qe7 17. Rac1 Qb4 18. Qd1 Rac8 19. a3 Qf8 20. dxc6 Bxc6 
21. Qe2 Qe8 22. Rc2 Bf6 23. Kh2 Kg7 24. g3 Rd6 25. Rcc1 Bd8 26. Red1 Bc7 
27. Kg2 Rcd8 28. Rxd6 Rxd6 29. Ba2 a6 30. Nd5 Bd8 31. Nc3 f6 32. h4 a5 
33. Qe3 h5 34. Qe2 Na4 35. Nxa4 Bxa4 36. Bd5 Qd7 37. Nd2 Rxd5 38. exd5 Qxd5+ 
39. f3 Bd7 40. Ne4 Qe6 41. Nf2 b5 42. Qd2 Bb6 43. b3 Bc6 44. Ne4 Bd7 45. Nf2 Bc6 
46. Ne4 Bd7 47. Rh1 Bd4 48. b4 axb4 49. axb4 Bc6 50. Qc2 Kh6 51. Kh2 Kg7 
52. Rc1 Bd7 53. Qg2 Bc6 54. Nc5 Qd5 55. Qc2 Be8 56. Kg2 Bf7 57. Ne4 Be3 
58. Rd1 Bd4 59. Rc1 Be3 60. Ra1 Bb6 61. Qd1 Bd4 62. Ra6 Qc4 63. Nxf6 Qxb4 
64. Qc1 Qb2+ 65. Qxb2 Bxb2 66. Ne4 Bd4 67. Ra5 b4 68. Rb5 b3 69. Nc5 b2 
70. Nd3 g5 71. hxg5 Kg6 72. Nxb2 Kxg5 73. Rb8 h4 74. g4 Bg6 75. Nd1 e4 
76. Nf2 exf3+ 77. Kxf3 Kf6 78. Nh3 Ke7 79. Nf4 Be8 80. g5 h3 81. Rb7+ Bd7 
82. Nxh3 Kd6 83. Kg3 Bc6 84. Rb8 Ke5 85. Nf4 Kd6 86. g6 1-0

[Event "Saturday Night Round Robin Blitz 3m+1s Starts at 2200hrs ST"]
[Site "Infinity Chess"]
[Date "2018.4.28"]
[Round "6"]
[White "Chapi1958"]
[Black "kolelo"]
[Result "1/2-1/2"]
[ECO "C77"]
[WhiteElo "2405"]
[BlackElo "2471"]
[WhiteEngine "stockfish_9_x64_CTG"]
[BlackEngine "stockfish_9_x64_popcnt"]
[EventType "Round Robin"]
[WhiteTeam ""]
[BlackTeam ""]
[PlyCount "131"]
[TimeControl "180+1"]

1. e4 e5 2. Nf3 Nc6 3. Bb5 a6 4. Ba4 Nf6 5. O-O b5 6. Bb3 Bb7 7. d3 Bc5 
8. a4 O-O 9. Nc3 Na5 10. Ba2 b4 11. Ne2 d5 12. Nxe5 Bd6 13. d4 Nxe4 14. f3 Ng5 
15. Ng3 f6 16. Nd3 Re8 17. Nf5 Bf8 18. Re1 Ne6 19. c3 bxc3 20. bxc3 Qd7 
21. Ne3 Rad8 22. f4 c5 23. f5 Ng5 24. Nxc5 Bxc5 25. dxc5 Kh8 26. Ba3 Re4 
27. Nc2 Rxa4 28. Bb4 Nc6 29. h4 Nxb4 30. cxb4 Ne4 31. Nd4 Rxb4 32. Rc1 Rc8 
33. c6 Bxc6 34. Nxc6 Rxc6 35. Rxc6 Qxc6 36. Qxd5 Qxd5 37. Bxd5 Nd6 38. Re6 Rb6 
39. h5 a5 40. Kf2 a4 41. g4 h6 42. Ke3 a3 43. Kd3 Kh7 44. Kd4 Ra6 45. Kc3 a2 
46. Bxa2 Nb5+ 47. Kb4 Rxa2 48. Kxb5 Kg8 49. Rd6 Rb2+ 50. Kc5 Ra2 51. Rd4 Kf7 
52. Rd7+ Kg8 53. Rd8+ Kf7 54. Rd6 Ra5+ 55. Kb4 Ra7 56. Kc5 Ra5+ 57. Kb4 Ra2 
58. Rc6 Ra8 59. Re6 Rc8 60. Rd6 Rc1 61. Rd7+ Kf8 62. Rd8+ Ke7 63. Rd4 Ra1 
64. Re4+ Kd6 65. Re6+ Kd5 66. Re7 1/2-1/2

[Event "Saturday Night Round Robin Blitz 3m+1s Starts at 2200hrs ST"]
[Site "Infinity Chess"]
[Date "2018.4.28"]
[Round "6"]
[White "klasman"]
[Black "ocirema"]
[Result "1/2-1/2"]
[ECO "B23"]
[WhiteElo "2454"]
[BlackElo "2456"]
[WhiteEngine "asmFishW_2018-04-11_popcnt_CTG"]
[BlackEngine "asmFishW_2018-04-25_popcnt"]
[EventType "Round Robin"]
[WhiteTeam ""]
[BlackTeam ""]
[PlyCount "125"]
[TimeControl "180+1"]

1. e4 c5 2. Nc3 d6 3. Nge2 Nf6 4. d4 cxd4 5. Nxd4 a6 6. Be3 e5 7. Nb3 Be6 
8. Be2 Be7 9. Qd3 O-O 10. O-O Nc6 11. a3 Rc8 12. Rfe1 Na5 13. Nxa5 Qxa5 
14. h3 b5 15. Bd2 Qb6 16. Qg3 Kh8 17. Bd3 Qc6 18. Red1 Rc7 19. Qf3 Rd8 
20. Qe2 Rdc8 21. Bg5 Rb8 22. f4 exf4 23. Bxf4 Re8 24. Qf3 Rcc8 25. Ne2 Qb7 
26. Nd4 Nd7 27. Nxe6 fxe6 28. c3 Rf8 29. Qe3 Bd8 30. Kh1 Bb6 31. Qd2 d5 
32. exd5 exd5 33. a4 bxa4 34. Rxa4 Qc6 35. Raa1 a5 36. Rf1 Nc5 37. Be5 Ne4 
38. Bxe4 dxe4 39. Qg5 Qg6 40. Qxg6 hxg6 41. Rfe1 Rf2 42. Rxe4 Rxb2 43. Bd4 Bxd4 
44. cxd4 Rb5 45. Re6 Kh7 46. Ra6 Rc4 47. R1xa5 Rxa5 48. Rxa5 Rxd4 49. g3 Kh6 
50. h4 Rd2 51. Kg1 Kh7 52. Rg5 Ra2 53. g4 Kh6 54. Rb5 Ra4 55. g5+ Kh5 
56. Kf2 Kg4 57. Rb7 Ra2+ 58. Kf1 Ra1+ 59. Kg2 Kxh4 60. Rxg7 Kxg5 61. Rb7 Rc1 
62. Rb2 Ra1 63. Rb5+ 1/2-1/2

[Event "Saturday Night Round Robin Blitz 3m+1s Starts at 2200hrs ST"]
[Site "Infinity Chess"]
[Date "2018.4.28"]
[Round "6"]
[White "coreoptimist"]
[Black "beka"]
[Result "1-0"]
[ECO "C55"]
[WhiteElo "2498"]
[BlackElo "2405"]
[WhiteEngine "asmFishW_2018-04-25_bmi2_CTG"]
[BlackEngine "asmFishW_2018-04-24_base"]
[EventType "Round Robin"]
[WhiteTeam ""]
[BlackTeam ""]
[PlyCount "181"]
[TimeControl "180+1"]

1. e4 e5 2. Nf3 Nc6 3. Bc4 Nf6 4. d3 Bc5 5. c3 d6 6. O-O O-O 7. Bg5 h6 8. Bh4 g5 
9. Bg3 a6 10. a4 Ba7 11. Nbd2 Nh7 12. h3 h5 13. Kh1 Kh8 14. b4 h4 15. Bh2 g4 
16. hxg4 Bxg4 17. b5 Na5 18. bxa6 bxa6 19. Bd5 c6 20. Ba2 Rg8 21. d4 exd4 
22. Qc2 Qf6 23. e5 Qg7 24. Nxh4 Qh6 25. Ndf3 d5 26. cxd4 Nf8 27. Qc1 Qxc1 
28. Raxc1 Ne6 29. Bb1 Kg7 30. Nf5+ Bxf5 31. Bxf5 Nxd4 32. Nxd4 Bxd4 33. Kg1 Nc4 
34. Rfe1 Ra7 35. g4 Re7 36. Kg2 Rb8 37. e6 Rb2 38. Bg3 c5 39. a5 Kf8 
40. Kf1 Nd2+ 41. Kg2 Nc4 42. Bh4 Ne3+ 43. Kf3 Nxf5 44. gxf5 Rb3+ 45. Kg2 Re8 
46. Re2 Kg7 47. Rg1 Rh8 48. e7 Re8 49. Ree1 f6 50. Re6 c4 51. Bg3 Rb5 
52. Bf4 Kf7 53. Rh1 c3 54. Rh7+ Kg8 55. Rh4 Rb2 56. Bg3 Bc5 57. Rxf6 Rxe7 
58. Rc6 Rb5 59. Rg6+ Kf7 60. Rh7+ Ke8 61. Rh8+ Kd7 62. f6 Rf7 63. Rg7 c2 
64. Rxf7+ Ke6 65. Re7+ Bxe7 66. fxe7 Kxe7 67. Rc8 Rxa5 68. Rxc2 Ke6 69. Kf3 Kf5 
70. Ke3 Ra3+ 71. Kd4 Ra1 72. Kxd5 a5 73. Rc4 Rd1+ 74. Rd4 Rb1 75. Rf4+ Kg6 
76. Rf8 a4 77. Ke6 Rb3 78. Be5 Rb6+ 79. Bd6 a3 80. Ra8 a2 81. Rxa2 Rb1 
82. Ra3 Rb6 83. f4 Rb5 84. Rg3+ Kh5 85. Be7 Rb6+ 86. Kf7 Ra6 87. Rg5+ Kh6 
88. Bf8+ Kh7 89. Rh5+ Rh6 90. Bxh6 Kh8 91. Bg7# 1-0

[Event "Saturday Night Round Robin Blitz 3m+1s Starts at 2200hrs ST"]
[Site "Infinity Chess"]
[Date "2018.4.28"]
[Round "5"]
[White "ocirema"]
[Black "beka"]
[Result "1/2-1/2"]
[ECO "A46"]
[WhiteElo "2458"]
[BlackElo "2403"]
[WhiteEngine "asmFishW_2018-04-25_popcnt"]
[BlackEngine "asmFishW_2018-04-24_base"]
[EventType "Round Robin"]
[WhiteTeam ""]
[BlackTeam ""]
[PlyCount "77"]
[TimeControl "180+1"]

1. d4 Nf6 2. Nf3 d5 3. c4 e6 4. Nc3 dxc4 5. e4 Bb4 6. Bg5 c5 7. Bxc4 cxd4 
8. Nxd4 Bxc3+ 9. bxc3 Qa5 10. Bb5+ Bd7 11. Bxf6 gxf6 12. Bxd7+ Nxd7 13. O-O a6 
14. Rb1 Qc7 15. Qh5 Nc5 16. Rb4 Qe5 17. Qh4 Rd8 18. Rfb1 h5 19. Rc4 Qxe4 
20. Qxe4 Nxe4 21. Nxe6 fxe6 22. Rxe4 Rd6 23. g3 Rh7 24. Rf4 f5 25. Rfb4 Rdd7 
26. a4 Rc7 27. Kf1 Rxc3 28. Rxb7 Rxb7 29. Rxb7 Ra3 30. Rb6 Rxa4 31. Rxe6+ Kf7 
32. Re5 Kf6 33. Rc5 h4 34. gxh4 Rxh4 35. Ra5 Rxh2 36. Rxa6+ Ke5 37. Ra5+ Kf6 
38. Ra6+ Ke5 39. f3 1/2-1/2

[Event "Saturday Night Round Robin Blitz 3m+1s Starts at 2200hrs ST"]
[Site "Infinity Chess"]
[Date "2018.4.28"]
[Round "5"]
[White "kolelo"]
[Black "klasman"]
[Result "0-1 "]
[ECO "C47"]
[WhiteElo "2489"]
[BlackElo "2436"]
[WhiteEngine "stockfish_9_x64_popcnt"]
[BlackEngine "asmFishW_2018-04-11_popcnt_CTG"]
[EventType "Round Robin"]
[WhiteTeam ""]
[BlackTeam ""]
[PlyCount "175"]
[TimeControl "180+1"]

1. e4 e5 2. Nf3 Nc6 3. Nc3 Nf6 4. h3 Bb4 5. Bd3 O-O 6. O-O d6 7. a3 Bxc3 
8. dxc3 Be6 9. Bg5 Re8 10. a4 h6 11. Bh4 a6 12. Re1 Kh7 13. Nd2 g5 14. Bg3 Ne7 
15. Nc4 Ng6 16. Ne3 Rg8 17. Qd2 Nf4 18. Nd5 Kh8 19. c4 c6 20. Ne3 h5 21. Bh2 h4 
22. Rad1 Qd7 23. Qc3 c5 24. a5 Rad8 25. Rd2 Qe7 26. Red1 Rd7 27. b3 Kg7 
28. f3 N6h5 29. Bf1 f6 30. Ra1 Kh8 31. Rdd1 Ng7 32. Bd3 Rc8 33. Qe1 Rb8 
34. Kh1 Rf8 35. c3 Ngh5 36. Bf1 Rdd8 37. b4 Rc8 38. Rab1 Rfd8 39. Rb2 Rc7 
40. Rdb1 Rb8 41. Qf2 Kh7 42. Qd2 Kh6 43. Rd1 Qd8 44. Qf2 Rd7 45. bxc5 dxc5 
46. Ra1 Rc8 47. Nd5 Rf7 48. Bxf4 gxf4 49. Qxh4 Kg6 50. Qf2 Ng3+ 51. Kg1 Rc6 
52. Qd2 Qh8 53. Rab1 Bc8 54. Rb6 Rd7 55. Qc2 Kg5 56. R1b2 Rh7 57. Qb1 Rf7 
58. Rxb7 Bxb7 59. Rxb7 Qe8 60. Rb3 Re6 61. Qa2 Qc8 62. Bd3 Rb7 63. Rb6 Qd7 
64. Qb2 Rexb6 65. axb6 Rb8 66. Kf2 a5 67. Ke1 a4 68. Bc2 Qc6 69. Bd1 Ra8 
70. Qa3 Ra5 71. Qa2 a3 72. Bc2 Ra6 73. Bd3 Qd6 74. Kd2 Kh4 75. Kc2 Qd7 
76. Kd2 Nh1 77. Kc2 Kg3 78. Be2 Qc6 79. Bd1 Qd6 80. Be2 Kf2 81. Bd1 Kf1 
82. Kc1 Nf2 83. Be2+ Kxg2 84. Kc2 Nxh3 85. Qa1 Rxb6 86. Nxb6 Qxb6 87. Qxa3 Ng1 
88. Bd1 0-1

[Event "Saturday Night Round Robin Blitz 3m+1s Starts at 2200hrs ST"]
[Site "Infinity Chess"]
[Date "2018.4.28"]
[Round "5"]
[White "Dovahkiin"]
[Black "Chapi1958"]
[Result "1/2-1/2"]
[ECO "B90"]
[WhiteElo "2487"]
[BlackElo "2402"]
[WhiteEngine "BrainFish_180423_x64_modern_CTG"]
[BlackEngine "stockfish_9_x64_CTG"]
[EventType "Round Robin"]
[WhiteTeam ""]
[BlackTeam ""]
[PlyCount "108"]
[TimeControl "180+1"]

1. e4 c5 2. Nf3 d6 3. d4 cxd4 4. Nxd4 Nf6 5. Nc3 a6 6. Nb3 e5 7. Bg5 Be7 
8. Bxf6 Bxf6 9. Qd3 Be7 10. O-O-O a5 11. a3 O-O 12. g3 Nd7 13. f4 Nf6 
14. Qe3 Qc7 15. Bb5 g6 16. Kb1 Rd8 17. Rd3 Be6 18. Nd5 Bxd5 19. exd5 a4 
20. Nd2 Bf8 21. Rf1 Rdc8 22. c4 exf4 23. gxf4 Bg7 24. Ne4 Qe7 25. Nf2 Qxe3 
26. Rxe3 Ra5 27. Rd1 Rc7 28. Ne4 Nxe4 29. Rxe4 Ra8 30. Rde1 Bh6 31. Rf1 Bg7 
32. h4 h5 33. Rf2 Kh7 34. f5 Be5 35. fxg6+ fxg6 36. Kc2 Kh6 37. Kd3 g5 
38. hxg5+ Kxg5 39. Rg2+ Kh6 40. Rg1 b6 41. Rxe5 dxe5 42. Ke4 h4 43. Kxe5 Rc5 
44. Kf6 Rf8+ 45. Ke7 Rf2 46. Re1 Rc7+ 47. Kd8 Rc5 48. Ke7 h3 49. d6 Kg7 
50. d7 Rf7+ 51. Kd6 Rf6+ 52. Ke7 Rf7+ 53. Kd6 Rf6+ 54. Ke7 Rf7+ 1/2-1/2

[Event "Saturday Night Round Robin Blitz 3m+1s Starts at 2200hrs ST"]
[Site "Infinity Chess"]
[Date "2018.4.28"]
[Round "5"]
[White "star99"]
[Black "BlitzMaster"]
[Result "1/2-1/2"]
[ECO "D02"]
[WhiteElo "2487"]
[BlackElo "2533"]
[WhiteEngine "Cryptic Heroes 9.4B"]
[BlackEngine "asmFishW_2018-04-11_popcnt"]
[EventType "Round Robin"]
[WhiteTeam ""]
[BlackTeam ""]
[PlyCount "135"]
[TimeControl "180+1"]

1. d4 d5 2. Nf3 Nf6 3. c4 e6 4. e3 b6 5. b3 Bb7 6. Bb2 Bd6 7. g3 dxc4 
8. bxc4 Bb4+ 9. Nc3 c5 10. Bg2 Ne4 11. Rc1 Bxc3+ 12. Bxc3 Nxc3 13. Rxc3 cxd4 
14. exd4 O-O 15. O-O Nd7 16. Qa4 Qc7 17. c5 Bd5 18. Rfc1 Nf6 19. Ne5 Bxg2 
20. Kxg2 Nd5 21. R3c2 Qe7 22. Qb5 Rfc8 23. a4 h6 24. Kg1 Rc7 25. Kg2 Qd8 
26. Rc4 Rcc8 27. Qd7 Qxd7 28. Nxd7 g5 29. Ne5 Kg7 30. Rb1 Rab8 31. Rbc1 Rb7 
32. h3 Rbc7 33. Kf3 Rd8 34. Rb1 Rdc8 35. Nd3 Ne7 36. g4 Rd8 37. Ne5 Nc6 
38. Nxc6 Rxc6 39. Ke4 Kg6 40. Rb5 bxc5 41. Rbxc5 Rb6 42. d5 Rb1 43. dxe6 Re1+ 
44. Kf3 Rxe6 45. a5 Rd2 46. Rf5 h5 47. Kg2 hxg4 48. hxg4 a6 49. Rc8 f6 
50. Rg8+ Kh7 51. Rf8 Kg7 52. Ra8 Ra2 53. Ra7+ Kg6 54. Kh3 Rc6 55. Kg2 Rc4 
56. Kg3 Raa4 57. f3 Rf4 58. Rxa6 Rxf5 59. gxf5+ Kxf5 60. Ra8 Ra3 61. a6 g4 
62. Kf2 Rxf3+ 63. Kg2 Ra3 64. a7 Kf4 65. Rf8 Rxa7 66. Rxf6+ Ke3 67. Kg3 Ra1 
68. Kxg4 1/2-1/2

[Event "Saturday Night Round Robin Blitz 3m+1s Starts at 2200hrs ST"]
[Site "Infinity Chess"]
[Date "2018.4.28"]
[Round "5"]
[White "HerzsjeMZ"]
[Black "Gilgamesch"]
[Result "1/2-1/2"]
[ECO "C50"]
[WhiteElo "2497"]
[BlackElo "2547"]
[WhiteEngine "SugaR.XPrO.1.4.64.POCNT"]
[BlackEngine "BrainFish_180408_x64_bmi2"]
[EventType "Round Robin"]
[WhiteTeam ""]
[BlackTeam ""]
[PlyCount "120"]
[TimeControl "180+1"]

1. e4 e5 2. Nf3 Nc6 3. Bc4 Bc5 4. O-O Nf6 5. d3 d6 6. c3 O-O 7. h3 a5 8. Re1 h6 
9. Bb3 Bd7 10. d4 Ba7 11. Be3 Re8 12. Nbd2 exd4 13. Nxd4 Nxd4 14. Bxd4 a4 
15. Bc2 b5 16. Qf3 Be6 17. Qd3 c5 18. Bxf6 Qxf6 19. e5 dxe5 20. Qxb5 a3 
21. bxa3 Bxh3 22. Be4 Rab8 23. Qa4 Re7 24. gxh3 Qg5+ 25. Kf1 Qxd2 26. Rad1 Qxa2 
27. c4 g6 28. Re3 f5 29. Rd6 fxe4 30. Rxg6+ Kh8 31. Rxh6+ Kg8 32. Rg6+ Kh8 
33. Reg3 Rh7 34. Qa6 Qb1+ 35. Kg2 Bb6 36. Qa4 e3 37. Qc6 Qf5 38. Rf6 Qc8 
39. Qxc8+ Rxc8 40. Rxb6 exf2 41. Kxf2 Rh4 42. Rbg6 Ra8 43. Rc6 Rb8 44. Re6 Rg8 
45. Rf3 Rg5 46. a4 Rxc4 47. Re8+ Kg7 48. h4 Rxh4 49. a5 Ra4 50. Re7+ Kh6 
51. Rf6+ Kh5 52. a6 Ra3 53. a7 Kg4 54. Ke1 Rf5 55. Rxf5 Kxf5 56. Rc7 Ke4 
57. a8=Q+ Rxa8 58. Rxc5 Rb8 59. Rc1 Rb7 60. Rc3 Rh7 1/2-1/2

[Event "Saturday Night Round Robin Blitz 3m+1s Starts at 2200hrs ST"]
[Site "Infinity Chess"]
[Date "2018.4.28"]
[Round "5"]
[White "aleks"]
[Black "coreoptimist"]
[Result "1/2-1/2"]
[ECO "E10"]
[WhiteElo "2487"]
[BlackElo "2501"]
[WhiteEngine "stockfish_9_x64_popcnt_CTG"]
[BlackEngine "asmFishW_2018-04-25_bmi2_CTG"]
[EventType "Round Robin"]
[WhiteTeam ""]
[BlackTeam ""]
[PlyCount "116"]
[TimeControl "180+1"]

1. d4 Nf6 2. c4 e6 3. Nf3 d5 4. Nc3 c6 5. e3 Nbd7 6. Qc2 Bd6 7. b3 O-O 8. Be2 b6 
9. O-O Bb7 10. Bb2 Qe7 11. Rad1 Rad8 12. Rfe1 Rfe8 13. Bf1 c5 14. cxd5 exd5 
15. g3 Rc8 16. Qf5 g6 17. Qg5 cxd4 18. Nxd4 Qf8 19. Qh4 Re5 20. Qh3 Bb4 
21. Rc1 Rh5 22. Qg2 Ne4 23. g4 Re5 24. Nxe4 Bxe1 25. Rxc8 Bxc8 26. Ng3 Bb4 
27. Nc6 Re6 28. Qxd5 Ba3 29. Bc3 Qd6 30. Qxd6 Bxd6 31. Nxa7 Bb7 32. Nb5 Be5 
33. Ne2 Re8 34. h3 Ba6 35. Bxe5 Rxe5 36. Nbd4 Rc5 37. Kg2 Kf8 38. a4 Ke7 
39. Nf4 Bxf1+ 40. Kxf1 Rc1+ 41. Kg2 Ra1 42. Nd5+ Kd6 43. Nc3 Nc5 44. f4 Ne6 
45. Ndb5+ Kc5 46. f5 gxf5 47. gxf5 Nd8 48. Kf3 Nc6 49. Kf4 Re1 50. Ne4+ Kb4 
51. Nd4 Nxd4 52. exd4 Kxb3 53. d5 Rd1 54. Ke5 Kc4 55. Nd6+ Kc5 56. Ne4+ Kc4 
57. Nd6+ Kc5 58. Ne4+ Kc4 1/2-1/2

[Event "Saturday Night Round Robin Blitz 3m+1s Starts at 2200hrs ST"]
[Site "Infinity Chess"]
[Date "2018.4.28"]
[Round "4"]
[White "Gilgamesch"]
[Black "aleks"]
[Result "1-0"]
[ECO "E90"]
[WhiteElo "2532"]
[BlackElo "2502"]
[WhiteEngine "BrainFish_180408_x64_bmi2"]
[BlackEngine "stockfish_9_x64_popcnt_CTG"]
[EventType "Round Robin"]
[WhiteTeam ""]
[BlackTeam ""]
[PlyCount "146"]
[TimeControl "180+1"]

1. d4 Nf6 2. c4 g6 3. Nc3 Bg7 4. e4 d6 5. Nf3 O-O 6. Be2 e5 7. O-O Nc6 8. d5 Ne7 
9. Ne1 Nd7 10. Be3 f5 11. f3 f4 12. Bf2 g5 13. Nd3 Nf6 14. Rc1 Ng6 15. c5 Rf7 
16. cxd6 cxd6 17. Kh1 h5 18. Nb5 a6 19. Nc3 g4 20. Na4 g3 21. Nb6 Rb8 
22. Bg1 Bd7 23. Nxd7 Nxd7 24. h3 Bf6 25. Qb3 a5 26. Qb5 Bg7 27. a3 b6 28. b4 Nf6 
29. Rc6 Rfb7 30. Qa6 Ne8 31. Rb1 Nc7 32. Qc4 axb4 33. Nxb4 b5 34. Qc3 Bf6 
35. Rc1 Ne8 36. Ra6 Ne7 37. Nc6 Nxc6 38. dxc6 Rg7 39. Bxb5 d5 40. Qb3 Kh8 
41. exd5 Nc7 42. Rb6 Rxb6 43. Bxb6 Qxd5 44. Qxd5 Nxd5 45. Bc5 Be7 46. Bxe7 Rxe7 
47. Rd1 Nb6 48. Rd7 Re6 49. Rb7 Nd5 50. c7 Nxc7 51. Rxc7 e4 52. fxe4 Rxe4 
53. Kg1 Kg8 54. a4 Re5 55. Rb7 Re1+ 56. Bf1 f3 57. gxf3 Ra1 58. Ra7 Kf8 
59. a5 Ke8 60. a6 Kd8 61. Rh7 Kc8 62. Rh8+ Kc7 63. a7 Rxa7 64. Rh7+ Kb6 
65. Rxa7 Kxa7 66. h4 Kb6 67. f4 Kc5 68. Kg2 Kd6 69. Kxg3 Ke6 70. Bh3+ Ke7 
71. f5 Kf7 72. Kf4 Kg8 73. f6 Kf7 1-0

[Event "Saturday Night Round Robin Blitz 3m+1s Starts at 2200hrs ST"]
[Site "Infinity Chess"]
[Date "2018.4.28"]
[Round "4"]
[White "BlitzMaster"]
[Black "HerzsjeMZ"]
[Result "1/2-1/2"]
[ECO "D30"]
[WhiteElo "2535"]
[BlackElo "2495"]
[WhiteEngine "asmFishW_2018-04-11_popcnt"]
[BlackEngine "SugaR.XPrO.1.4.64.POCNT"]
[EventType "Round Robin"]
[WhiteTeam ""]
[BlackTeam ""]
[PlyCount "141"]
[TimeControl "180+1"]

1. d4 d5 2. c4 e6 3. Nf3 Nf6 4. Nc3 c6 5. Bg5 h6 6. Bxf6 Qxf6 7. e3 Nd7 
8. Bd3 g6 9. O-O dxc4 10. Bxc4 Bg7 11. e4 e5 12. d5 O-O 13. Nd2 Nb6 14. Bb3 h5 
15. h3 Bh6 16. Qf3 Kg7 17. Rfd1 Bd7 18. Qe2 Rfd8 19. Nf3 Qe7 20. Re1 Rac8 
21. Rad1 Qe8 22. Nd2 Bg5 23. Nf3 Bh6 24. a3 f6 25. dxc6 Bxc6 26. Rxd8 Rxd8 
27. Qc2 a6 28. Rd1 Rxd1+ 29. Qxd1 Qd7 30. Qc2 Qd8 31. g3 Nc8 32. Bd5 Qe8 
33. a4 Nd6 34. Bxc6 Qxc6 35. Qd3 Kf7 36. b3 Ke6 37. g4 hxg4 38. hxg4 Bf4 
39. Nd5 g5 40. Kg2 b5 41. a5 Qc5 42. Nb6 Qc6 43. Nd5 Qc5 44. Nxf4+ gxf4 
45. g5 Qc6 46. gxf6 Kxf6 47. b4 Nf7 48. Kf1 Kg6 49. Ke2 Kf6 50. Kf1 Kg6 
51. Ke2 Kf6 52. Nd2 Nd6 53. f3 Ke6 54. Nb1 Qc1 55. Qd5+ Kd7 56. Nd2 Qc2 
57. Qg8 Nc4 58. Qd5+ Nd6 59. Kf2 Qb2 60. Kg2 Ke7 61. Kf2 Qc3 62. Ke2 Kd7 
63. Qa8 Nc4 64. Qb7+ Ke8 65. Qc8+ Kf7 66. Nxc4 Qc2+ 67. Ke1 Qc1+ 68. Kf2 Qc2+ 
69. Ke1 Qc1+ 70. Kf2 Qc2+ 71. Ke1 1/2-1/2

[Event "Saturday Night Round Robin Blitz 3m+1s Starts at 2200hrs ST"]
[Site "Infinity Chess"]
[Date "2018.4.28"]
[Round "4"]
[White "Chapi1958"]
[Black "star99"]
[Result "1/2-1/2"]
[ECO "B30"]
[WhiteElo "2398"]
[BlackElo "2491"]
[WhiteEngine "stockfish_9_x64_CTG"]
[BlackEngine "Cryptic Heroes 9.4B"]
[EventType "Round Robin"]
[WhiteTeam ""]
[BlackTeam ""]
[PlyCount "144"]
[TimeControl "180+1"]

1. e4 c5 2. Nf3 Nc6 3. Nc3 e5 4. Bc4 Be7 5. d3 d6 6. O-O Nf6 7. Ng5 O-O 
8. f4 Bg4 9. Qd2 exf4 10. h3 Bd7 11. Qxf4 Nd4 12. Qf2 Be6 13. Bb3 d5 14. Qh4 h6 
15. Nxe6 fxe6 16. exd5 exd5 17. Bf4 c4 18. Be3 Nc6 19. Ba4 cxd3 20. cxd3 d4 
21. Bxc6 dxe3 22. Qc4+ Kh8 23. Bf3 Rc8 24. Qb5 Bd6 25. d4 Bb8 26. Ne2 Qd6 
27. g3 Qe6 28. Kg2 Rc2 29. Qxb7 Qc4 30. Rae1 Qxa2 31. b3 Bc7 32. Qb5 Qa5 
33. Qxa5 Bxa5 34. Rc1 Rd2 35. Kg1 Bb6 36. Rc6 Ng8 37. Bg4 Nf6 38. Bf3 Re8 
39. Rfc1 Kh7 40. R1c4 Kg6 41. Kg2 Kf7 42. g4 Rb2 43. h4 Rd8 44. Kg3 Rxb3 
45. g5 hxg5 46. hxg5 Nd5 47. Bh5+ Kg8 48. Rc8 Ne7 49. Rxd8+ Bxd8 50. Bg4 Kf7 
51. Nf4 Ke8 52. Ne6 Bb6 53. Kf3 Kf7 54. Nf4 g6 55. Be6+ Kg7 56. Bd7 a5 
57. d5 Rb4 58. Rc1 e2 59. d6 Nf5 60. Bxf5 gxf5 61. Nxe2 a4 62. d7 a3 
63. Rc6 Rb3+ 64. Kg2 Rb2 65. Rxb6 Rxe2+ 66. Kg3 Rd2 67. Ra6 a2 68. Rxa2 f4+ 
69. Kxf4 Rd4+ 70. Kf5 Rxd7 71. Ra8 Rd5+ 72. Ke4 Rxg5 1/2-1/2

[Event "Saturday Night Round Robin Blitz 3m+1s Starts at 2200hrs ST"]
[Site "Infinity Chess"]
[Date "2018.4.28"]
[Round "4"]
[White "klasman"]
[Black "Dovahkiin"]
[Result "1/2-1/2"]
[ECO "C50"]
[WhiteElo "2434"]
[BlackElo "2489"]
[WhiteEngine "asmFishW_2018-04-11_popcnt_CTG"]
[BlackEngine "BrainFish_180423_x64_modern_CTG"]
[EventType "Round Robin"]
[WhiteTeam ""]
[BlackTeam ""]
[PlyCount "129"]
[TimeControl "180+1"]

1. e4 e5 2. Nf3 Nc6 3. Bc4 Bc5 4. O-O Nf6 5. d3 d6 6. c3 O-O 7. h3 a5 8. Nbd2 h6 
9. Re1 Be6 10. Bb5 Qb8 11. a4 Qa7 12. Re2 Rad8 13. Rb1 Ba2 14. Ra1 Be6 
15. Qc2 Ne7 16. d4 exd4 17. cxd4 Bb6 18. Nb3 d5 19. e5 Ne4 20. Bd2 Rc8 
21. Bd3 c5 22. dxc5 Nxc5 23. Nbd4 Nxd3 24. Qxd3 Rc4 25. Nb5 Qa6 26. Bc3 Rfc8 
27. Rd2 Bf5 28. Qe2 Bc5 29. Nfd4 Bd7 30. Rd3 Nf5 31. Qd2 Bxd4 32. Nxd4 Nxd4 
33. Rxd4 Rxd4 34. Qxd4 Qg6 35. Kh2 Be6 36. Qd2 Rc4 37. b3 Rh4 38. Rc1 Qf5 
39. f3 d4 40. Bxd4 Qf4+ 41. Qxf4 Rxf4 42. Be3 Rb4 43. Rb1 Rxb3 44. Rxb3 Bxb3 
45. Bd2 Bxa4 46. Bxa5 Bd1 47. f4 Kf8 48. f5 g6 49. Bb4+ Ke8 50. fxg6 fxg6 
51. e6 g5 52. Kg3 Bb3 53. e7 Bd5 54. Kf2 h5 55. g3 h4 56. g4 b5 57. Bd2 Kxe7 
58. Bxg5+ Kf7 59. Bxh4 b4 60. Bg5 b3 61. Bc1 b2 62. Bxb2 Kg6 63. h4 Bh1 
64. Bc1 Be4 65. Bb2 1/2-1/2

[Event "Saturday Night Round Robin Blitz 3m+1s Starts at 2200hrs ST"]
[Site "Infinity Chess"]
[Date "2018.4.28"]
[Round "4"]
[White "beka"]
[Black "kolelo"]
[Result "1/2-1/2"]
[ECO "C77"]
[WhiteElo "2399"]
[BlackElo "2493"]
[WhiteEngine "asmFishW_2018-04-24_base"]
[BlackEngine "stockfish_9_x64_popcnt"]
[EventType "Round Robin"]
[WhiteTeam ""]
[BlackTeam ""]
[PlyCount "143"]
[TimeControl "180+1"]

1. e4 e5 2. Nf3 Nc6 3. Bb5 a6 4. Ba4 Nf6 5. O-O b5 6. Bb3 Bb7 7. d3 Bc5 
8. a4 O-O 9. Bg5 h6 10. Bh4 g5 11. Bg3 d6 12. c3 Ne7 13. h4 g4 14. Nh2 Qd7 
15. d4 Bb6 16. axb5 axb5 17. Rxa8 Bxa8 18. dxe5 Nxe4 19. Nxg4 h5 20. Nf6+ Nxf6 
21. exf6 Qc6 22. Qf3 Qxf3 23. gxf3 Nd5 24. Re1 Nxf6 25. Kg2 Rb8 26. Nd2 Kg7 
27. Rg1 Bd5 28. Bxd5 Nxd5 29. Kh3 Rd8 30. Bxd6+ Kh7 31. Be5 Re8 32. Bd4 Nf4+ 
33. Kh2 Bxd4 34. cxd4 Rg8 35. Rf1 Rd8 36. Nb3 Nd3 37. Kg3 Nxb2 38. Re1 c6 
39. Re5 Rd5 40. Rxd5 cxd5 41. Kf4 Nd3+ 42. Kg5 Nxf2 43. Kxh5 f6 44. Na5 b4 
45. Nb3 Kg7 46. Nc5 Kf7 47. Nb3 Kg7 48. Nc5 Kf7 49. Nb3 Nd3 50. Kg4 Nb2 
51. h5 Nc4 52. Kf5 Nd6+ 53. Kf4 Kf8 54. Nc5 Nb5 55. Nb3 Nd6 56. Nc5 Nb5 
57. Nb3 Kf7 58. Kg4 Nd6 59. Kf4 Kg7 60. Nc5 Nb5 61. Nb3 Nd6 62. Nc5 Kg8 
63. Ke3 Nb5 64. Kd3 Kf7 65. Na6 b3 66. Nb4 Nxd4 67. Kc3 Nxf3 68. Nxd5 f5 
69. Kxb3 Kg7 70. h6+ Kxh6 71. Kc3 Kh5 72. Kd3 1/2-1/2